 Dungeon Crawl Stone Soup version 0.24-a0-769-g368c1644f8 (webtiles) character file.

Game seed: 15317474650708734475, levelgen mode: deterministic

59 Arixos the Magician (level 3, -1/19 HPs)
             Began as a Deep Elf Wizard on Oct 4, 2019.
             Killed by nerve-wracking pain
             ... invoked by Grinder
              (12 damage)
             ... on level 3 of the Dungeon.
             The game lasted 00:20:40 (2720 turns).

Arixos the Magician (Deep Elf Wizard)               Turns: 2720, Time: 00:20:41

Health: -1/19      AC:  4    Str:  4    XL:     3   Next: 78%
Magic:  4/11       EV: 13    Int: 23    God:
Gold:   104        SH:  0    Dex: 13    Spells: 3/12 levels left

rFire    . . .     SeeInvis .   (no weapon)
rCold    . . .     Gourm    .   (no shield)
rNeg     . . .     Faith    .   l - +0 robe
rPois    .         Spirit   .   m - +1 helmet
rElec    .         Reflect  .   (no cloak)
rCorr    +         Harm     .   (no gloves)
MR       .....                  (no boots)
Stlth    ++........             (no amulet)
HPRegen  0.06/turn              k - ring of resist corrosion
MPRegen  0.12/turn              (no ring)

@: very slightly contaminated
A: no striking features
a: no special abilities


You were on level 3 of the Dungeon.
You were hungry.

You visited 1 branch of the dungeon, and saw 3 of its levels.

You collected 104 gold pieces.

Inventory:

Armour
 l - a +0 robe (worn)
 m - a +1 helmet (worn)
Jewellery
 k - a ring of resist corrosion (left hand)
 r - an uncursed amulet of rage {unknown}
Scrolls
 a - a scroll of remove curse {unknown}
 c - 2 scrolls of teleportation {unknown}
 e - a scroll of enchant armour {unknown}
 f - 4 scrolls of identify
 h - 2 scrolls of blinking {unknown}
 i - 2 scrolls of amnesia {unknown}
Potions
 b - a potion of haste {unknown}
 g - a potion of invisibility {unknown}
 j - a potion of ambrosia {unknown}
 o - a potion of berserk rage {unknown}
 p - a potion of curing {unknown}
 q - a potion of flight {unknown}
Comestibles
 d - 6 rations
 n - 2 chunks of flesh


   Skills:
 + Level 3.3 Dodging
 - Level 2.4 Stealth
 + Level 5.1 Spellcasting
 + Level 2.3 Conjurations
   Level 1.1 Summonings
 + Level 1.8 Translocations
 + Level 0.0 Fire Magic
 + Level 0.0 Air Magic
 + Level 0.0 Poison Magic


You had 3 spell levels left.
You knew the following spells:

 Your Spells              Type           Power        Failure   Level  Hunger
a - Magic Dart            Conj           ###.         3%          1    None
c - Mephitic Cloud        Conj/Pois/Air  #.......     21%         3    ##.....
e - Blink                 Tloc           N/A          7%          2    None
f - Conjure Flame         Conj/Fire      ##......     17%         3    ##.....

Your spell library contained the following spells:

 Spells                   Type           Power        Failure   Level  Hunger
 Call Imp                 Summ           ##......     9%          2    None
 Slow                     Hex            #.......     14%         2    None


Dungeon Overview and Level Annotations

Branches:
Dungeon (3/15)

Altars:

Annotations:
D:3 Grinder


Message History

Casting: Magic Dart (safe; 3% risk of failure)
Confirm with . or Enter, or press ? or * to list all spells.
Aiming: Magic Dart (safe; 3% risk of failure)
Press: ? - help, Shift-Dir - straight line, f/p - Grinder
Aim: Grinder (unusually agile)
The magic dart hits Grinder.
Grinder is lightly wounded.
Grinder says, "What is the universe for?"
Grinder gestures at you.
You barely resist.
Grinder says, "At least Makhleb appreciates what I'm doing."
You see here a leopard gecko skeleton.
Grinder is no longer unusually agile.
Some of the chunks of flesh in your inventory have rotted away.
Grinder gestures at you. You resist with significant effort.
Grinder gestures at you. Pain shoots through your body!
Ouch! That really hurt!
You die...

#.# ##.###### #.#
#........ #.# ####........
#.# #....#####.. ##÷#
#.#### #.. #..# #.# #.#
#.## #.# ##.#
#######.#######.# ##...
.......<.@......# ##÷#.#
#.#####.#####5#######.##.#
#.# #....÷g..#.#.#
#.#####..#####.##...
#...........##.###.#
#........##.##.###.#
#.####...##.##.g.... #.#
#..)##.##.###g#
#.............#


You could see Grinder.

Vanquished Creatures
  A worm (D:3)
  A dart slug (D:1)
  4 leopard geckos
  A ball python (D:1)
  5 bats
  2 giant cockroaches
  5 goblins
  9 hobgoblins
  9 kobolds
  4 frilled lizards
  8 rats
49 creatures vanquished.

Notes
Turn   | Place    | Note
-------+----------+-------------------------------------------
     0 | D:1      | Arixos the Deep Elf Wizard began the quest for the Orb.
     0 | D:1      | Reached XP level 1. HP: 10/10 MP: 7/7
   224 | D:1      | Reached XP level 2. HP: 15/15 MP: 2/9
   236 | D:1      | You fall into a shaft and drop 1 floor!
   284 | D:2      | Learned a level 2 spell: Blink
  1024 | D:1      | Reached XP level 3. HP: 19/19 MP: 6/11
  1492 | D:1      | Learned a level 3 spell: Mephitic Cloud
  1496 | D:1      | Learned a level 3 spell: Conjure Flame
  1723 | D:1      | Reached skill level 5 in Spellcasting
  2684 | D:3      | Noticed Grinder
  2686 | D:3      | Paralysed by Grinder for 5 turns
  2720 | D:3      | Killed from afar by Grinder

Levels and vault maps discovered:
D:1:      minmay_arrival_wavy_path, layout_basic
D:2:      layout_loops_corners, first_ration
D:3:      layout_loops_ring, elyvilon_altar_5, uniq_grinder

Skill      XL: |  1  2  3 |
---------------+----------+-----
Dodging        | 3 |  3.3
Conjurations   | 2 |  2.3
Spellcasting   | 5 |  5.1
Stealth        | |  2.4
Summonings     | |  1.1
Translocations | |  1.8

Action                   || total
-------------------------++-------
Melee: Unarmed           ||     1
 Cast: Magic Dart        ||   112
       Conjure Flame     ||     7
       Blink             ||     1
  Use: Scroll            ||     1
  Eat: Chunk             ||     5
Armor: Robe              ||     5
Dodge: Dodged            ||    16

Table legend:
 A = Non-vault XP
 B = Vault XP
 C = Vault XP percentage of total XP
 D = Non-vault monster count
 E = Vault monster count
 F = Vault count percentage of total count
                 A         B        C        D         E       F
            +---------+---------+-------+---------+---------+-------
      Total |      85 |       0 |   0.0 |      49 |       0 |   0.0
            +---------+---------+-------+---------+---------+-------
        D:1 |      40 |       0 |   0.0 |      24 |       0 |   0.0
        D:2 |      29 |       0 |   0.0 |      18 |       0 |   0.0
        D:3 |      16 |       0 |   0.0 |       7 |       0 |   0.0
            +---------+---------+-------+---------+---------+-------
